 Dungeon Crawl Stone Soup version 0.25-a0-41-g6cf4ce537d (webtiles) character file.

Game seed: 2007891402731106671, levelgen mode: deterministic

36 MrRokkomies the Vexing (level 3, -4/14 HPs)
             Began as a Felid Enchanter on Oct 21, 2019.
             Was a Follower of Kikubaaqudgha.
             Slain by a gnoll
             ... wielding a +0 whip
              (9 damage)
             ... on level 2 of the Dungeon.
             The game lasted 00:04:58 (2489 turns).

MrRokkomies the Vexing (Felid Enchanter)            Turns: 2489, Time: 00:04:59

Health: -4/14      AC:  1    Str:  4    XL:     3   Next: 19%
Magic:  2/7        EV: 18    Int: 17    God:    Kikubaaqudgha [*.....]
Gold:   93         SH:  0    Dex: 16    Spells: 2/6 levels left
                                        Lives:  0   Deaths: 0

rFire    . . .     SeeInvis +     - Unarmed
rCold    . . .     Gourm    .   (shield unavailable)
rNeg     . . .     Faith    .   (armour unavailable)
rPois    .         Spirit   .   (helmet unavailable)
rElec    .         Reflect  .   (cloak unavailable)
rCorr    .         Harm     .   (gloves unavailable)
MR       .....                  (boots unavailable)
Stlth    +++.......             (no amulet)
HPRegen  0.04/turn              (no ring)
MPRegen  0.10/turn              (no ring)

@: quick
A: very small, no armour, no weapons or thrown items, stealth, claws 1, fangs 3,
see invisible, carnivore, speed 1, shaggy fur 1, slow metabolism 1, sharp paws
a: Receive Corpses, Renounce Religion


You were on level 2 of the Dungeon.
You worshipped Kikubaaqudgha.
Kikubaaqudgha was aware of your devotion.
You were full.

You visited 1 branch of the dungeon, and saw 2 of its levels.

You collected 93 gold pieces.

Inventory:

Scrolls
 e - a scroll of remove curse {unknown}
Potions
 a - 2 potions of might {unknown}
 c - a potion of haste {unknown}
 d - a potion of ambrosia {unknown}
 f - a potion of heal wounds {unknown}
 g - a potion of cancellation {unknown}
Comestibles
 b - 3 rations


   Skills:
 - Level 2.6 Dodging
 + Level 4.5 Stealth
 * Level 2.1 Unarmed Combat
 - Level 2.0 Spellcasting
 * Level 5.2 Hexes


You had 2 spell levels left.
You knew the following spells:

 Your Spells              Type           Power        Failure   Level  Hunger
a - Corona                Hex            ###....      2%          1    #......
b - Ensorcelled Hibernat  Hex/Ice        ##....       10%         2    ###....
c - Animate Skeleton      Necr           N/A          19%         1    #......

Your spell library contained the following spells:

 Spells                   Type           Power        Failure   Level  Hunger
 Pain                     Necr           #...         19%         1    #......
 Sublimation of Blood     Necr           #.........   28%         2    ###....
 Confuse                  Hex            ###.....     7%          3    ###....
 Tukima's Dance           Hex            ###.....     7%          3    ###....
 Dazzling Spray           Conj/Hex       ##....       21%         3    ###....
 Vampiric Draining        Necr           #.........   50%         3    ###....


Dungeon Overview and Level Annotations

Branches:
Dungeon (2/15)

Altars:
Kikubaaqudgha
Ru


Innate Abilities, Weirdness & Mutations

You cannot wear armour.
You are incapable of wielding weapons or throwing items.
Your paws allow you to move quietly. (Stealth)
You have sharp claws.
You have razor-sharp teeth.
You have supernaturally acute eyesight. (SInv)
You are carnivorous and can eat meat at any time.
You cover ground quickly.
You are covered in fur. (AC +1)
You have a slow metabolism.
Your sharp claws are effective at attacking unaware monsters.


Message History

Casting: Ensorcelled Hibernation (safe; 10% risk of failure)
Confirm with . or Enter, or press ? or * to list all spells.
Aiming: Ensorcelled Hibernation (safe; 10% risk of failure)
Press: ? - help, Shift-Dir - straight line, f/p - gnoll
Aim: a gnoll, wielding a +0 whip (chance to defeat MR: 50%)
The gnoll resists with some effort.
The gnoll hits you!
Ouch! That really hurt!
The gnoll closely misses you.
Casting: Ensorcelled Hibernation (safe; 10% risk of failure)
Confirm with . or Enter, or press ? or * to list all spells.
Aiming: Ensorcelled Hibernation (safe; 10% risk of failure)
Press: ? - help, Shift-Dir - straight line, f/p - gnoll
Aim: a gnoll, wielding a +0 whip (chance to defeat MR: 50%)
The gnoll resists with some effort.
The gnoll hits you.
There is a stone staircase leading up here.
The gnoll hits you with a +0 whip!
Ouch! That really hurt!
You die...
Kikubaaqudgha rasps: "You have failed me!
Welcome... death!"

......####.†..........#.# #..
#(.........#...###....#.#######..
#..#.......#...###>.#...##.......
#......$..?#........#......#.##..
...........#...###...............
...#...##..#........#..##........
.......##..#...##...#..##....##..
.......#.......##g.....##....##..
.....#.#........@.g..........##..
....................##.###.......
.......#..###...........##.####..
....................##..##.# #..
.##....#..###...........##.# #..
..........# #..............# #..
..........###...#...#.#.##.# #..
.##.##.##.......#....#.#.#.# #..
.##.##.##.####..##..#...#.. #..


You could see 2 gnolls.

Vanquished Creatures
  A gnoll (D:2)
  A worm (D:2)
  3 leopard geckos
  A giant cockroach (D:1)
  3 goblins
  3 hobgoblins
  A kobold (D:2)
  A bat (D:1)
  A frilled lizard (D:2)
  4 rats
19 creatures vanquished.

Vanquished Creatures (collateral kills)
  A worm (D:2)
1 creature vanquished.

Grand Total: 20 creatures vanquished

Notes
Turn   | Place    | Note
-------+----------+-------------------------------------------
     0 | D:1      | MrRokkomies the Felid Enchanter began the quest for the
                  | Orb.
     0 | D:1      | Reached XP level 1. HP: 7/7 MP: 4/4
   557 | D:2      | Reached XP level 2. HP: 11/11 MP: 6/6
   561 | D:2      | Learned a level 2 spell: Ensorcelled Hibernation
  1093 | D:2      | Found a sacrificial altar of Ru.
  1466 | D:2      | Reached skill level 5 in Hexes
  2037 | D:2      | Found a faded altar of an unknown god.
  2095 | D:2      | Became a worshipper of Kikubaaqudgha
  2095 | D:2      | Reached * piety under Kikubaaqudgha
  2095 | D:2      | Identified Kikubaaqudgha's Volume of Darkness
                  | (Kikubaaqudgha gifted it to you on level 2 of the Dungeon)
  2095 | D:2      | Received a gift from Kikubaaqudgha
  2099 | D:2      | Learned a level 1 spell: Animate Skeleton
  2196 | D:2      | Reached XP level 3. HP: 14/14 MP: 4/7
  2489 | D:2      | Slain by a gnoll

Levels and vault maps discovered:
D:1:      matt_arrival_refuge, layout_rooms
D:2:      layout_basic, first_ration, chequers_ecumenical_altar_simple,
          corner_web_ring, nicolae_ru_awakened_eye

Skill      XL: |  1  2 |
---------------+-------+-----
Hexes          | 5 |  5.2
Unarmed Combat | 2 |  2.1
Dodging        | |  2.6
Stealth        | |  4.5
Spellcasting   | |  2.0

Action                   || total
-------------------------++-------
Melee: Unarmed           ||    57
       Bite              ||     1
       Punch             ||     1
 Cast: Ensorcelled Hiber ||    24
       Animate Skeleton  ||     2
 Stab: Sleeping          ||    10
  Eat: Chunk             ||     8
Armor: Skin              ||     2
Dodge: Dodged            ||    56

Table legend:
 A = Non-vault XP
 B = Vault XP
 C = Vault XP percentage of total XP
 D = Non-vault monster count
 E = Vault monster count
 F = Vault count percentage of total count
                 A         B        C        D         E       F
            +---------+---------+-------+---------+---------+-------
      Total |      52 |       0 |   0.0 |      20 |       0 |   0.0
            +---------+---------+-------+---------+---------+-------
        D:1 |      11 |       0 |   0.0 |       6 |       0 |   0.0
        D:2 |      41 |       0 |   0.0 |      14 |       0 |   0.0
            +---------+---------+-------+---------+---------+-------
